 Dungeon Crawl Stone Soup version 0.27-a0-1139-g28e009f8a6 (webtiles) character file.

Game seed: 15004932429614802227

1172 leviel the Cleaver (level 8, -2/61 (66) HPs)
             Began as a Minotaur Fighter on May 7, 2021.
             Was a Follower of Fedhas.
             Slain by a wight
             ... wielding a +0 scimitar
              (14 damage)
             ... on level 6 of the Dungeon.
             The game lasted 00:06:42 (4899 turns).

leviel the Cleaver (Minotaur Fighter)               Turns: 4899, Time: 00:06:43

HP:   -2/61 (66)    AC:  6    Str: 22    XL:     8   Next: 18%
MP:   7/7           EV:  9    Int:  5    God:    Fedhas [*.....]
Gold: 116           SH:  4    Dex: 11    Spells: 7/7 levels left

rFire    . . .     SeeInvis .   a - +0 war axe
rCold    . . .     Faith    .   q - +0 buckler
rNeg     . . .     Spirit   .   b - +0 scale mail
rPois    .         Reflect  .   (helmet restricted)
rElec    .         Harm     .   e - scarf {+Inv}
rCorr    .         Rampage  .   (no gloves)
Will     .....                  (no boots)
Stlth    ..........             i - amulet of regeneration
HPRegen  1.20/turn              (no ring)
MPRegen  0.10/turn              (no ring)

@: drained
A: horns 2, retaliatory headbutt
a: Renounce Religion, Evoke Invisibility


You were on level 6 of the Dungeon.
You worshipped Fedhas.
Fedhas was aware of your devotion.
You visited 2 branches of the dungeon, and saw 7 of its levels.

You collected 134 gold pieces.
You spent 18 gold pieces at shops.

Inventory:

Hand Weapons
 a - a +0 war axe (weapon)
Missiles
 d - 5 boomerangs of dispersal
 p - 2 throwing nets
Armour
 b - a +0 scale mail (worn)
 c - a +0 kite shield
 e - a scarf of invisibility (worn)
 q - a +0 buckler (worn)
Jewellery
 i - an amulet of regeneration (around neck)
 k - an amulet of guardian spirit
Wands
 n - a wand of flame (3) (quivered)
Scrolls
 f - 2 scrolls of fog
 h - a scroll of identify
 j - 3 scrolls of teleportation
 l - a scroll of immolation {unknown}
 o - 2 scrolls of enchant armour {unknown}
 u - a scroll of torment {unknown}
Potions
 g - a potion of curing
 m - a potion of invisibility {unknown}
 r - a potion of degeneration {unknown}
 s - a potion of lignification
 t - a potion of might


   Skills:
 - Level 3.7 Fighting
 + Level 11.5 Axes
 - Level 3.6 Armour
 - Level 4.0 Shields


You had 7 spell levels left.
You didn't know any spells.
Your spell library contained the following spells:

 Spells                   Type           Power      Damage    Failure   Level
 Animate Skeleton         Necr           0%         N/A       80%         1
 Apportation              Tloc           0%         N/A       80%         1
 Corona                   Hex            0%         N/A       80%         1
 Freeze                   Ice            0%         1d3       80%         1
 Summon Small Mammal      Summ           0%         N/A       80%         1
 Frozen Ramparts          Ice            0%         1d2       99%         3
 Ozocubu's Armour         Ice            0%         N/A       99%         3
 Hailstorm                Conj/Ice       0%         3d3       100%        4
 Metabolic Englaciation   Hex/Ice        0%         N/A       100%        5


Dungeon Overview and Level Annotations

Branches:
Dungeon (6/15)             Temple (1/1) D:4

Altars:
Ashenzari
Cheibriados
Elyvilon
Fedhas
Gozag
Hepliaklqana
Kikubaaqudgha
Nemelex Xobeh
Okawaru
Qazlal
Ru
Sif Muna
Uskayaw
Vehumet
Wu Jian
Xom
Yredelemnul
Zin

Shops:
D:2 [   D:6 *


Innate Abilities, Weirdness & Mutations

You have a pair of horns on your head.
You reflexively headbutt those who attack you in melee.


Message History

You completely miss the wight. The wight hits you with a +0 hand axe.
The wight closely misses you.
You closely miss the wight.
The wight is heavily damaged.
You closely miss the wight. The wight barely misses you.
You furiously retaliate!
You headbutt the wight. The wight closely misses you.
You slash the wight!
You destroy the wight!
Fedhas accepts your kill.
You hit the mummy. You closely miss the wight.
The wight hits you with a +0 scimitar!
You feel drained.
You closely miss the wight.
The wight is lightly damaged.
You barely miss the mummy.
You hear a distant slurping noise.
The mummy hits you but does no damage.
You hit the wight.
The wight is moderately damaged.
You hit the mummy. The wight barely misses you.
Unknown command.
You hit the wight.
The wight is heavily damaged.
You hit the mummy but do no damage. The wight hits you with a +0 scimitar!
You feel drained. You block the mummy's attack.
You hit the wight.
The wight is severely damaged.
You slash the mummy! The wight hits you with a +0 scimitar!
You feel drained.
You are too injured to fight recklessly!
Unknown command.
You are too injured to fight recklessly!
You barely miss the wight.
The wight is severely damaged.
You hit the mummy. The wight hits you but does no damage. The mummy hits you!
* * * LOW HITPOINT WARNING * * *
Unknown command.
You closely miss the wight.
The wight is severely damaged.
You hit the mummy but do no damage. The wight hits you with a +0 scimitar!
You die...
Fedhas appreciates your contribution to the ecosystem.

.# ##########.#
.##...M@<..#.#
.......)z..#.# #
##.........#.# .#
##........#>####.#.
#...........#.....
#.............#.##
#.................
#........#........
#...........##....


You could see a mummy and a wight.

Vanquished Creatures
  A sky beast (D:5)
  A necrophage (D:6)
  2 black bears
  An ogre (D:6)
  A wight (D:6)
  A howler monkey (D:5)
  A jelly (D:4)
  A hound (D:5)
  An orc priest (D:5)
  A bullfrog zombie (D:5)
  A centaur skeleton (D:4)
  2 gnoll shamans
  2 iguanas (D:4)
  A scorpion zombie (D:5)
  2 orc wizards (D:5)
  A howler monkey zombie (D:5)
  3 adders
  14 gnolls
  An adder skeleton (D:4)
  4 worms
  4 dart slugs
  15 orcs
  7 endoplasms
  9 goblins
  5 hobgoblins
  8 jackals
  10 kobolds
  2 quokkas
  9 ball pythons
  8 bats
  3 frilled lizards (D:3)
  A hobgoblin zombie (D:6)
  3 orc zombies (D:6)
  5 rats
131 creatures vanquished.

Notes
Turn   | Place    | Note
-------+----------+-------------------------------------------
     0 | D:1      | leviel the Minotaur Fighter began the quest for the Orb.
     0 | D:1      | Reached XP level 1. HP: 19/19 MP: 0/0
   153 | D:1      | Found a faded altar of an unknown god.
   158 | D:1      | Reached skill level 3 in Axes
   171 | D:1      | Reached XP level 2. HP: 7/27 MP: 1/1
   175 | D:1      | HP: 1/27 [dart slug (3)]
  1023 | D:1      | Reached skill level 4 in Axes
  1298 | D:1      | Reached XP level 3. HP: 31/33 MP: 2/2
  1845 | D:2      | Found Ilobiud's Antique Armour Boutique.
  2165 | D:3      | Reached skill level 5 in Axes
  2219 | D:3      | Reached XP level 4. HP: 39/40 MP: 3/3
  2477 | D:3      | Found a radiant altar of Vehumet.
  2836 | D:4      | Noticed a black bear
  2843 | D:4      | Killed a black bear
  2844 | D:4      | Reached skill level 6 in Axes
  2844 | D:4      | Reached XP level 5. HP: 46/46 MP: 4/4
  2875 | D:4      | Reached skill level 7 in Axes
  2905 | D:3      | Reached XP level 6. HP: 25/52 MP: 5/5
  3181 | D:4      | Reached skill level 8 in Axes
  3218 | D:4      | Found a staircase to the Ecumenical Temple.
  3337 | Temple   | Entered the Ecumenical Temple
  3634 | Temple   | Became a worshipper of Fedhas Madash
  3752 | D:4      | You fall into a shaft and drop 2 floors!
  3752 | D:6      | Found Vetiguut's Assorted Antiques.
  3756 | D:6      | Bought a murky puce potion for 18 gold pieces
  3775 | D:5      | Entered Level 5 of the Dungeon
  3798 | D:5      | Reached skill level 9 in Axes
  3798 | D:5      | Reached XP level 7. HP: 26/58 MP: 6/6
  3824 | D:5      | Reached skill level 10 in Axes
  4165 | D:5      | Reached * piety under Fedhas
  4190 | D:5      | Identified the +0 rapier of Chagrin {vorpal, Str+4}
  4880 | D:6      | Reached skill level 11 in Axes
  4880 | D:6      | Reached XP level 8. HP: 64/66 MP: 7/7
  4899 | D:6      | Slain by a wight

Illustrated notes

Levels and vault maps discovered:
D:1:      erik_arrival_triangle_huge, layout_loops_ring,
          hellmonk_ecumenical_altar_arch_garden, corner_web_ring,
          hangedman_decor_clover_reticule, minmay_crystal_room
D:2:      layout_loops_ring, serial_shops,
          nicolae_shop_temple_entry_statues_fountains
D:3:      layout_loops_ring, vehumet_altar_wand_db, minivault_23
D:4:      layout_rooms, minmay_temple_entry_glass, chequers_avenue
D:5:      layout_loops_corners, moated_statue
D:6:      minmay_chambers_of_threes, layout_rooms, serial_shops,
          nicolae_shop_behind_doors, nicolae_shop_overgrown_old_shop,
          nicolae_shop_overgrown_old_shop, shop_fountains, shop, fountainhead,
          minivault_19, chequers_serial_rivers_marsh, minmay_mini_ossuary
Temple:   minmay_temple_bridge_d

Skill      XL: |  1  2  3  4  5  6  7 |
---------------+----------------------+-----
Axes           | 3 4 5 6 7 9 11 | 11.5
Shields        | 4 |  4.0
Fighting       | |  3.7
Armour         | |  3.6

Action                   |  1- 3 |  4- 6 |  7- 9 || total
-------------------------+-------+-------+-------++-------
Melee: War axe           |   106 |   103 |    84 ||   293
       Headbutt          |    17 |    24 |    15 ||    56
Evoke: Wand              |       |    13 |       ||    13
  Use: Potion            |       |     2 |     4 ||     6
       Scroll            |       |     4 |       ||     4
Armor: Scale mail        |    47 |    37 |    27 ||   111
Dodge: Dodged            |    34 |    49 |    28 ||   111
Block: Kite shield       |    60 |    31 |       ||    91
       Buckler           |       |    16 |     9 ||    25

Table legend: (Time is in decaauts)
 A = Elapsed time spent in this place.
 B = Non-inter-level travel time spent in this place.
 C = Inter-level travel time spent in this place.
 D = Time resting spent in this place.
 E = Time spent auto-exploring this place.
 F = Levels seen in this place.
 G = Mean time per level.
                   A        B        C        D        E       F      G
               +--------+--------+--------+--------+--------+-----+--------+
         Total |   4981 |   4656 |    325 |    817 |   3062 |   7 |  711.6 |
       Dungeon |   4611 |   4435 |    176 |    817 |   2841 |   6 |  768.5 |
        Temple |    370 |    222 |    148 |      0 |    221 |   1 |  370.0 |
               +--------+--------+--------+--------+--------+-----+--------+

Top non-repeatable levels by time:
     D:1: 1463 daAuts
     D:5: 1101 daAuts
     D:3: 806 daAuts
     D:2: 699 daAuts
     D:4: 494 daAuts
  Temple: 370 daAuts
     D:6: 45 daAuts
